Phantoms vs Heat
(R1)
Created - November 4, 2023 at 21:50
Goals
|
Phantoms |
3 |
2 |
3 |
8 |
Heat |
2 |
0 |
3 |
5 |
|
Shots
|
Phantoms |
12 |
5 |
12 |
29 |
Heat |
12 |
9 |
14 |
35 |
|
1st period
1. Phantoms , Sven Andrighetto 6 (Morgan Klimchuk 8, Cal Foote 10) at 0:10
2. Phantoms , A.J. Greer 3 (Mikko Lehtonen 3, Lucas Wallmarkk 6) at 4:22
3. Heat , Eric Karlsson 5 (Ryan Donato 7) at 16:20
4. Heat , Nico Sturm 5 (Peter Cehlarik 5, Brandon Hickey 3) at 17:35
5. Phantoms , Joe Snively 6 (Morgan Klimchuk 9) at 19:45
Penalties :
Ryan Donato (Sto) for High sticking (Minor) at 2:13, Ty Smith (Leh) for Roughing (Minor) at 8:40, Frank Corrado (Sto) for Interference (Minor) at 14:04, Jesper Bratt (Sto) for High sticking (Minor) at 19:50
2nd period
6. Phantoms , Rinat Valiev 1 (Joe Snively 16) at 0:04 (PP)
7. Phantoms , Sven Andrighetto 7 (Joe Snively 17, Morgan Klimchuk 10) at 6:31 (PP)
Penalties :
Lucas Wallmarkk (Leh) for Interference (Minor) at 2:43, Barclay Goodrow (Sto) for Hooking (Minor) at 6:18, Rasmus Andersson (Sto) for Holding (Minor) at 7:49, Peter Cehlarik (Sto) for Interference (Minor) at 13:33, Matt Kiersted (Leh) for Roughing (Minor) at 16:24, Tage Thompson (Sto) for Roughing (Minor) at 19:24
3rd period
8. Phantoms , Sven Andrighetto 8 (Morgan Klimchuk 11, Joe Snively 18) at 0:52 (PP)
9. Phantoms , Rem Pitlick 4 (Cristoval Nieves 4, Anton Forsberg) at 2:48 (PP)
10. Heat , Erik Brannstrom 2 (Evgeny Svechnikov 4, Rasmus Andersson 14) at 5:31
11. Heat , Erik Brannstrom 3 (Rasmus Andersson 15, Evgeny Svechnikov 5) at 12:57 (PP)
12. Phantoms , Rem Pitlick 5 (Mikko Lehtonen 4) at 17:18
13. Heat , Taylor Raddysh 5 (Ryan Donato 8, Peter Cehlarik 6) at 18:48 (PP)
Penalties :
Vitali Kravtsov (Sto) for Holding (Minor) at 1:58, Erik Nystrom (Leh) for Hooking (Minor) at 4:15, Jesper Bratt (Sto) for Cross-checking (Minor) at 4:34, Nico Sturm (Sto) for Cross-checking (Minor) at 5:49, Matt Kiersted (Leh) for Boarding (Minor) at 11:18, Dominik Masin (Sto) for Tripping (Minor) at 14:12, Mikko Lehtonen (Leh) for Holding (Minor) at 18:06
Goalie Stats
Anton Forsberg (Leh), 30 saves from 35 shots - (0.857), W, 8-3-0, 60:00 minutes
Michael Hutchinson (Sto), 12 saves from 16 shots - (0.750), L, 4-6-1, 39:56 minutes
Vitek Vanecek (Sto), 9 saves from 13 shots - (0.692), 20:04 minutes
Players Stats for Phantoms
Player Name G A P +/- PIM S H SB GA TA FO MP PP MP PK MP
------------------------------------------------------------------------------------
A.J. Greer 1 0 1 0 0 3 3 0 0 0 0/0 9:21 0:00 0:54
Cal Foote 0 1 1 0 0 1 2 0 0 1 0/0 31:24 9:39 5:11
Cristoval Nieves 0 1 1 1 0 1 3 0 0 0 6/10 17:59 6:38 2:02
David Kampf 0 0 0 0 0 0 0 0 1 0 1/2 5:40 0:07 0:00
Erik Nystrom 0 0 0 1 2 2 3 0 0 1 0/0 15:13 6:44 0:00
Joe Snively 1 3 4 1 0 1 0 0 2 1 13/27 23:05 7:30 2:02
Josiah Slavin 0 0 0 0 0 0 0 0 0 0 0/0 4:59 0:00 0:00
Lucas Wallmarkk 0 1 1 0 2 1 0 1 0 0 2/6 9:07 0:07 0:00
Matt Kiersted 0 0 0 1 4 1 0 2 0 1 0/0 19:37 4:35 2:11
Mikko Lehtonen 0 2 2 1 2 0 4 0 1 1 0/0 20:40 4:35 2:53
Morgan Klimchuk 0 4 4 0 0 5 1 0 3 0 1/2 27:23 7:29 5:41
Nick Sorensen 0 0 0 0 0 1 0 0 0 0 0/1 9:21 0:00 0:54
Oliver Wahlstrom 0 0 0 0 0 1 0 0 0 0 0/0 4:59 0:00 0:00
Rem Pitlick 2 0 2 1 0 3 3 0 0 0 0/2 15:08 6:38 0:00
Riley Stillman 0 0 0 0 0 0 1 1 0 1 0/0 8:13 0:00 0:31
Rinat Valiev 1 0 1 0 0 4 2 2 0 1 0/0 30:42 9:39 4:49
Sven Andrighetto 3 0 3 0 0 4 0 0 1 0 10/23 27:23 7:29 5:41
Ty Smith 0 0 0 0 2 1 0 2 0 0 0/0 9:23 0:00 1:39
Players Stats for Heat
Player Name G A P +/- PIM S H SB GA TA FO MP PP MP PK MP
------------------------------------------------------------------------------------
Barclay Goodrow 0 0 0 -2 2 2 2 0 0 0 0/0 16:13 0:00 7:49
Brandon Hickey 0 1 1 0 0 0 1 1 0 0 0/0 12:15 0:23 2:15
Christian Jaros 0 0 0 -1 0 0 0 1 0 0 0/0 14:54 0:00 5:35
Dominik Masin 0 0 0 -1 2 3 0 2 0 0 0/0 18:53 2:31 4:55
Eric Karlsson 1 0 1 1 0 2 1 0 2 0 0/1 11:18 0:11 2:28
Erik Brannstrom 2 0 2 1 0 5 4 0 0 3 0/0 18:18 5:43 0:00
Evgeny Svechnikov 0 2 2 0 0 3 3 0 1 2 2/4 18:36 5:54 0:00
Frank Corrado 0 0 0 -1 2 2 2 0 0 1 0/0 25:16 2:31 8:09
Jesper Bratt 0 0 0 -1 4 1 2 0 0 0 1/2 14:33 5:42 0:07
Nico Sturm 1 0 1 -1 2 1 2 1 0 0 21/39 20:17 0:00 7:20
Peter Cehlarik 0 2 2 -1 2 4 2 1 1 0 0/2 17:09 2:43 3:12
Rasmus Andersson 0 2 2 0 2 5 1 2 1 2 0/0 30:39 6:06 8:24
Ryan Donato 0 2 2 0 2 2 1 0 0 0 4/6 12:58 2:43 2:01
Ryan Spooner 0 0 0 -1 0 2 2 0 1 0 11/17 19:44 5:43 5:00
Tage Thompson 0 0 0 1 2 0 0 0 0 0 0/0 8:19 0:00 0:00
Taylor Raddysh 1 0 1 0 0 3 1 0 0 0 0/0 9:25 2:43 0:00
Vitali Kravtsov 0 0 0 0 2 0 0 1 0 0 0/0 6:58 0:00 0:19
Vladislav Kamenev 0 0 0 0 0 0 2 0 1 0 1/2 7:26 0:11 0:18
3 Stars
1 - Sven Andrighetto (Leh)
2 - Joe Snively (Leh)
3 - Rem Pitlick (Leh)
Power Play
Phantoms - 4 on 11 Attempt(s) - 36.36%
Heat - 2 on 6 Attempt(s) - 33.33%
Penalty Kill
Phantoms - 4 on 6 Attempt(s) - 66.67%
- Score 0 goal in Penalty Kill
Heat - 7 on 11 Attempt(s) - 63.64%
- Score 0 goal in Penalty Kill
Team Stat
Phantoms - Hits : 22 - Faceoff Wins : 33 - Blocked Shots : 8 - Penalty Minutes : 12
Heat - Hits : 26 - Faceoff Wins : 40 - Blocked Shots : 9 - Penalty Minutes : 22
Official
Referees : Kendrick Nicholson and Eric Furlatt
Linesman : Tyson Baker and Steve Miller
Game Notes
Michael Hutchinson enters game at 0:04 of 2nd period
Sven Andrighetto has scored a Hat Trick!
Finance
Level 1 -- Attendance: 1898 (94.90%) -- Ticket Income $132,860
Level 2 -- Attendance: 1000 (100.00%) -- Ticket Income $40,000
Total Attendance: 2898 (96.60%)
Total Ticket Income: $172,860
Other Income: $8,643
Total Income: $181,503
Phantoms
5 vs 5 Forward
Center Left Wing Right Wing Time % Phy DF OF
1 Joe Snively Morgan Klimchuk Sven Andrighetto 40 1 2 2
2 Cristoval Nieves Erik Nystrom Rem Pitlick 30 1 2 2
3 Lucas Wallmarkk A.J. Greer Nick Sorensen 20 1 2 2
4 David Kampf Josiah Slavin Oliver Wahlstrom 10 1 2 2
5 vs 5 Defense
Defense Defense Time % Phy DF OF
1 Cal Foote Rinat Valiev 40 1 2 2
2 Mikko Lehtonen Matt Kiersted 30 1 2 2
3 Riley Stillman Ty Smith 20 1 2 2
4 Cal Foote Rinat Valiev 10 1 2 2
PowerPlay Forward
Center Left Wing Right Wing Time % Phy DF OF
1 Joe Snively Morgan Klimchuk Sven Andrighetto 60 1 2 2
2 Cristoval Nieves Erik Nystrom Rem Pitlick 40 1 2 2
PowerPlay Defense
Defense Defense Time % Phy DF OF
1 Cal Foote Rinat Valiev 60 1 2 2
2 Mikko Lehtonen Matt Kiersted 40 1 2 2
Penalty Kill 4 Players Forward
Center Wing Time % Phy DF OF
1 Sven Andrighetto Morgan Klimchuk 60 1 2 2
2 Joe Snively Cristoval Nieves 40 1 2 2
Penalty Kill 4 Players Defense
Defense Defense Time % Phy DF OF
1 Cal Foote Rinat Valiev 60 1 2 2
2 Mikko Lehtonen Matt Kiersted 40 1 2 2
Penalty Kill - 3 Players Forward
Forward Time % Phy DF OF
1 Sven Andrighetto 60 1 2 2
2 Morgan Klimchuk 40 1 2 2
Penalty Kill - 3 Players Defense
Defense Defense Time % Phy DF OF
1 Cal Foote Rinat Valiev 60 1 2 2
2 Mikko Lehtonen Matt Kiersted 40 1 2 2
4 vs 4 Forward
Center Wing Time % Phy DF OF
1 Sven Andrighetto Morgan Klimchuk 60 1 2 2
2 Joe Snively Cristoval Nieves 40 1 2 2
4 vs 4 Defense
Defense Defense Time % Phy DF OF
1 Cal Foote Rinat Valiev 60 1 2 2
2 Mikko Lehtonen Matt Kiersted 40 1 2 2
Last Minutes Offensive
Center Left Wing Right Wing Defense Defense
Joe Snively Morgan Klimchuk Sven Andrighetto Cal Foote Rinat Valiev
Last Minutes Defensive
Center Left Wing Right Wing Defense Defense
Joe Snively Morgan Klimchuk Sven Andrighetto Cal Foote Rinat Valiev
Goaltenders
Starting : Anton Forsberg
Backup : Kevin Lankinen
Extra Forwards
Normal : Lucas Wallmarkk, David Kampf, Nick Sorensen - PP : Lucas Wallmarkk, David Kampf - PK : Nick Sorensen
Extra Defensemen
Normal : Riley Stillman, Ty Smith, Mikko Lehtonen - PP : Riley Stillman - PK : Ty Smith, Mikko Lehtonen
Penalty Shots
Sven Andrighetto, Morgan Klimchuk, Joe Snively, Cristoval Nieves, Lucas Wallmarkk
Custom OT Lines Forwards
Sven Andrighetto, Morgan Klimchuk, Joe Snively, Cristoval Nieves, Lucas Wallmarkk, Rem Pitlick, David Kampf, Erik Nystrom, Nick Sorensen, A.J. Greer
Custom OT Lines Defensemen
Cal Foote, Rinat Valiev, Mikko Lehtonen, Matt Kiersted, Riley Stillman
Scratches
Anthony Angello (Healthy), Benoit-Olivier Groulx (Healthy), Cooper Marody (Healthy), Laurent Dauphin (Healthy), Victor Berglund (Healthy)
Fabian Zetterlund (Healthy), Brett Murray (Healthy), David Gustafsson (Healthy), Jacob Ingham (Healthy), Zachary Sawchenko (Healthy)
Zachary Fucale (Healthy)
Heat
5 vs 5 Forward
Center Left Wing Right Wing Time % Phy DF OF
1 Nico Sturm Peter Cehlarik Evgeny Svechnikov 40 1 2 2
2 Ryan Spooner Jesper Bratt Barclay Goodrow 30 1 2 2
3 Ryan Donato Eric Karlsson Tage Thompson 20 1 2 2
4 Vladislav Kamenev Vitali Kravtsov Taylor Raddysh 10 1 2 2
5 vs 5 Defense
Defense Defense Time % Phy DF OF
1 Rasmus Andersson Frank Corrado 40 1 2 2
2 Dominik Masin Erik Brannstrom 30 1 2 2
3 Brandon Hickey Christian Jaros 20 1 2 2
4 Rasmus Andersson Frank Corrado 10 1 2 2
PowerPlay Forward
Center Left Wing Right Wing Time % Phy DF OF
1 Ryan Spooner Jesper Bratt Evgeny Svechnikov 60 1 2 2
2 Ryan Donato Peter Cehlarik Taylor Raddysh 40 1 2 2
PowerPlay Defense
Defense Defense Time % Phy DF OF
1 Rasmus Andersson Erik Brannstrom 60 1 2 2
2 Dominik Masin Frank Corrado 40 1 2 2
Penalty Kill 4 Players Forward
Center Wing Time % Phy DF OF
1 Nico Sturm Barclay Goodrow 60 1 3 1
2 Ryan Spooner Peter Cehlarik 40 1 3 1
Penalty Kill 4 Players Defense
Defense Defense Time % Phy DF OF
1 Rasmus Andersson Frank Corrado 60 1 3 1
2 Dominik Masin Christian Jaros 40 1 3 1
Penalty Kill - 3 Players Forward
Forward Time % Phy DF OF
1 Nico Sturm 60 1 4 0
2 Ryan Spooner 40 1 4 0
Penalty Kill - 3 Players Defense
Defense Defense Time % Phy DF OF
1 Rasmus Andersson Frank Corrado 60 1 3 1
2 Dominik Masin Christian Jaros 40 1 3 1
4 vs 4 Forward
Center Wing Time % Phy DF OF
1 Nico Sturm Evgeny Svechnikov 60 1 2 2
2 Ryan Spooner Jesper Bratt 40 1 2 2
4 vs 4 Defense
Defense Defense Time % Phy DF OF
1 Rasmus Andersson Erik Brannstrom 60 1 2 2
2 Dominik Masin Frank Corrado 40 1 2 2
Last Minutes Offensive
Center Left Wing Right Wing Defense Defense
Nico Sturm Jesper Bratt Barclay Goodrow Rasmus Andersson Erik Brannstrom
Last Minutes Defensive
Center Left Wing Right Wing Defense Defense
Nico Sturm Jesper Bratt Barclay Goodrow Rasmus Andersson Dominik Masin
Goaltenders
Starting : Vitek Vanecek
Backup : Michael Hutchinson
Extra Forwards
Normal : Nico Sturm, Jesper Bratt, Evgeny Svechnikov - PP : Peter Cehlarik, Ryan Donato - PK : Nico Sturm
Extra Defensemen
Normal : Dominik Masin, Frank Corrado, Christian Jaros - PP : Erik Brannstrom - PK : Dominik Masin, Christian Jaros
Penalty Shots
Jesper Bratt, Nico Sturm, Tage Thompson, Evgeny Svechnikov, Vitali Kravtsov
Custom OT Lines Forwards
Nico Sturm, Jesper Bratt, Ryan Spooner, Barclay Goodrow, Evgeny Svechnikov, Peter Cehlarik, Eric Karlsson, Tage Thompson, Ryan Donato, Taylor Raddysh
Custom OT Lines Defensemen
Erik Brannstrom, Rasmus Andersson, Frank Corrado, Dominik Masin, Christian Jaros
Scratches
Filip Hallander (Healthy), Skyler Brind'Amour (Healthy), John Gilmour (Healthy), Darren Raddysh (Healthy), Tim Berni (Healthy)
Petteri Lindbohm (Healthy), Ivan Chekhovich (Healthy), Trevor Carrick (Healthy), Radim Zohorna (Healthy), Demetrios Koumontzis (Healthy)
Joel Hofer (Healthy), Collin Delia (Healthy)
% Time on Ice - Phantoms
Lines # - Real PCT - Wanted PCT - Time Play
Normal Forward
1 - 36% - 40% - 12:44
2 - 26% - 30% - 9:19
3 - 24% - 20% - 8:27
4 - 14% - 10% - 4:59
Normal Defense
1 - 41% - 40% - 14:34
2 - 37% - 30% - 13:13
3 - 22% - 20% - 7:42
4 - 0% - 10% - 0:00
PP Forward
1 - 53% - 60% - 7:36
2 - 47% - 40% - 6:38
PP Defense
1 - 68% - 60% - 9:39
2 - 32% - 40% - 4:35
PK Forward
1 - 76% - 60% - 6:35
2 - 24% - 40% - 2:02
PK Defense
1 - 56% - 60% - 4:49
2 - 44% - 40% - 3:48
PK3 Forward
1 - 0% - 60%
2 - 0% - 40%
PK3 Defense
1 - 0% - 60%
2 - 0% - 40%
44 Forward
1 - 100% - 60% - 1:40
2 - 0% - 40% - 0:00
44 Defense
1 - 100% - 60% - 1:40
2 - 0% - 40% - 0:00
Last Minute Offensive - 0:00
Last Minute Defensive - 0:00
Total
Forward - 60:00
Defense - 60:00
|
% Time on Ice - Heat
Lines # - Real PCT - Wanted PCT - Time Play
Normal Forward
1 - 34% - 40% - 11:56
2 - 24% - 30% - 8:33
3 - 23% - 20% - 8:20
4 - 19% - 10% - 6:40
Normal Defense
1 - 42% - 40% - 14:52
2 - 33% - 30% - 11:35
3 - 25% - 20% - 8:47
4 - 1% - 10% - 0:15
PP Forward
1 - 68% - 60% - 5:54
2 - 32% - 40% - 2:43
PP Defense
1 - 71% - 60% - 6:06
2 - 29% - 40% - 2:31
PK Forward
1 - 72% - 60% - 10:01
2 - 28% - 40% - 3:54
PK Defense
1 - 72% - 60% - 10:00
2 - 28% - 40% - 3:55
PK3 Forward
1 - 100% - 60% - 0:44
2 - 0% - 40% - 0:00
PK3 Defense
1 - 84% - 60% - 0:37
2 - 16% - 40% - 0:07
44 Forward
1 - 100% - 60% - 1:15
2 - 0% - 40% - 0:00
44 Defense
1 - 100% - 60% - 1:15
2 - 0% - 40% - 0:00
Last Minute Offensive - 0:00
Last Minute Defensive - 0:00
Total
Forward - 60:00
Defense - 60:00
|
Play-by-Play
1st period
0:01 of 1st period - Nico Sturm wins face-off versus Joe Snively in neutral zone.
0:10 of 1st period - Slapshot by Sven Andrighetto.
0:10 of 1st period - Goal by Sven Andrighetto - Phantoms : 1 - Heat : 0.
0:11 of 1st period - Ryan Spooner wins face-off versus Cristoval Nieves in neutral zone.
0:22 of 1st period - Snap shot by Ryan Spooner.
0:22 of 1st period - Stopped by Anton Forsberg without a rebound.
0:23 of 1st period - Lucas Wallmarkk wins face-off versus Ryan Donato in Phantoms zone.
0:30 of 1st period - Slapshot by Lucas Wallmarkk.
0:30 of 1st period - Shot Misses the Net.
0:32 of 1st period - Slapshot by Ty Smith.
0:32 of 1st period - Shot Blocked by Brandon Hickey.
0:34 of 1st period - Snap shot by A.J. Greer.
0:34 of 1st period - Stopped by Vitek Vanecek with a rebound.
0:48 of 1st period - Riley Stillman is hit by Evgeny Svechnikov.
2:13 of 1st period - Minor Penalty to Ryan Donato for High sticking.
2:14 of 1st period - Morgan Klimchuk wins face-off versus Nico Sturm in Heat zone.
3:11 of 1st period - Barclay Goodrow is hit by Mikko Lehtonen and loses puck.
3:22 of 1st period - Cristoval Nieves is hit by Peter Cehlarik and loses puck.
4:13 of 1st period - Penalty to Ryan Donato is over, Ryan Donato is back on ice.
4:20 of 1st period - Slapshot by Mikko Lehtonen.
4:20 of 1st period - Shot Blocked by Nico Sturm.
4:22 of 1st period - Wrist shot by A.J. Greer.
4:22 of 1st period - Goal by A.J. Greer - Phantoms : 2 - Heat : 0.
4:23 of 1st period - Evgeny Svechnikov wins face-off versus Lucas Wallmarkk in neutral zone.
5:19 of 1st period - Snap shot by David Kampf.
5:19 of 1st period - Shot Misses the Net.
5:43 of 1st period - Snap shot by Rem Pitlick.
5:43 of 1st period - Shot Misses the Net.
5:50 of 1st period - Rasmus Andersson is hit by Riley Stillman and loses puck.
5:56 of 1st period - Off-side.
5:57 of 1st period - Nico Sturm wins face-off versus Lucas Wallmarkk in neutral zone.
6:00 of 1st period - Snap shot by Evgeny Svechnikov.
6:00 of 1st period - Deflect By Peter Cehlarik.
6:00 of 1st period - Stopped by Anton Forsberg with a rebound.
7:05 of 1st period - Snap shot by David Kampf.
7:05 of 1st period - Shot Misses the Net.
7:11 of 1st period - David Kampf is hit by Peter Cehlarik and loses puck.
8:09 of 1st period - Wrist shot by Cristoval Nieves.
8:09 of 1st period - Stopped by Vitek Vanecek with a rebound.
8:19 of 1st period - Ty Smith is hit by Vladislav Kamenev and loses puck.
8:40 of 1st period - Minor Penalty to Ty Smith for Roughing.
8:41 of 1st period - Sven Andrighetto wins face-off versus Ryan Spooner in Phantoms zone.
9:06 of 1st period - Cal Foote is hit by Taylor Raddysh and loses puck.
9:45 of 1st period - Rasmus Andersson is hit by A.J. Greer and loses puck.
9:52 of 1st period - Frank Corrado is hit by A.J. Greer and loses puck.
10:40 of 1st period - Penalty to Ty Smith is over, Ty Smith is back on ice.
10:50 of 1st period - Slapshot by Nico Sturm.
10:50 of 1st period - Shot Blocked by Ty Smith.
10:52 of 1st period - Snap shot by Nico Sturm.
10:52 of 1st period - Deflect By David Kampf.
10:52 of 1st period - Shot Blocked by Riley Stillman.
10:52 of 1st period - Puck is out of play.
10:53 of 1st period - Vladislav Kamenev wins face-off versus David Kampf in Phantoms zone.
10:54 of 1st period - Snap shot by Erik Brannstrom.
10:54 of 1st period - Shot Misses the Net.
10:56 of 1st period - Slapshot by Dominik Masin.
10:56 of 1st period - Stopped by Anton Forsberg with a rebound.
10:58 of 1st period - Slapshot by Dominik Masin.
10:58 of 1st period - Deflect By David Kampf.
10:58 of 1st period - Stopped by Anton Forsberg with a rebound.
11:00 of 1st period - Wrist shot by Taylor Raddysh.
11:00 of 1st period - Stopped by Anton Forsberg without a rebound.
11:01 of 1st period - Joe Snively wins face-off versus Vladislav Kamenev in Phantoms zone.
11:12 of 1st period - Slapshot by Taylor Raddysh.
11:12 of 1st period - Shot Misses the Net.
11:28 of 1st period - Barclay Goodrow is hit by Erik Nystrom and loses puck.
11:52 of 1st period - Erik Brannstrom is hit by A.J. Greer and loses puck.
11:59 of 1st period - Slapshot by A.J. Greer.
11:59 of 1st period - Shot Blocked by Dominik Masin.
12:09 of 1st period - Snap shot by Ryan Donato.
12:09 of 1st period - Stopped by Anton Forsberg with a rebound.
12:11 of 1st period - Wrist shot by Tage Thompson.
12:11 of 1st period - Shot Blocked by Ty Smith.
12:33 of 1st period - Snap shot by Joe Snively.
12:33 of 1st period - Shot Misses the Net.
12:35 of 1st period - Slapshot by Ty Smith.
12:35 of 1st period - Shot Blocked by Rasmus Andersson.
12:37 of 1st period - Snap shot by David Kampf.
12:37 of 1st period - Shot Misses the Net.
12:59 of 1st period - Snap shot by Nick Sorensen.
12:59 of 1st period - Shot Misses the Net.
13:01 of 1st period - Wrist shot by A.J. Greer.
13:01 of 1st period - Stopped by Vitek Vanecek with a rebound.
13:03 of 1st period - Wrist shot by Lucas Wallmarkk.
13:03 of 1st period - Shot Misses the Net.
13:05 of 1st period - Slapshot by Rinat Valiev.
13:05 of 1st period - Stopped by Vitek Vanecek without a rebound.
13:06 of 1st period - Nico Sturm wins face-off versus Joe Snively in Heat zone.
13:11 of 1st period - Morgan Klimchuk is hit by Evgeny Svechnikov and loses puck.
13:22 of 1st period - Wrist shot by Sven Andrighetto.
13:22 of 1st period - Shot Misses the Net.
13:37 of 1st period - Slapshot by Jesper Bratt.
13:37 of 1st period - Stopped by Anton Forsberg with a rebound.
13:39 of 1st period - Slapshot by Frank Corrado.
13:39 of 1st period - Stopped by Anton Forsberg with a rebound.
13:41 of 1st period - Snap shot by Barclay Goodrow.
13:41 of 1st period - Stopped by Anton Forsberg without a rebound.
13:42 of 1st period - Joe Snively wins face-off versus Nico Sturm in Phantoms zone.
13:42 of 1st period - Joe Snively is hit by Rasmus Andersson.
14:04 of 1st period - Minor Penalty to Frank Corrado for Interference.
14:05 of 1st period - Joe Snively wins face-off versus Nico Sturm in Heat zone.
14:06 of 1st period - Wrist shot by Morgan Klimchuk.
14:06 of 1st period - Stopped by Vitek Vanecek without a rebound.
14:07 of 1st period - Nico Sturm wins face-off versus Joe Snively in Heat zone.
14:41 of 1st period - Christian Jaros is hit by Rem Pitlick and loses puck.
16:04 of 1st period - Penalty to Frank Corrado is over, Frank Corrado is back on ice.
16:16 of 1st period - Snap shot by Frank Corrado.
16:16 of 1st period - Shot Misses the Net.
16:18 of 1st period - Slapshot by Rasmus Andersson.
16:18 of 1st period - Deflect By Frank Corrado.
16:18 of 1st period - Shot Blocked by Matt Kiersted.
16:18 of 1st period - Puck is out of play.
16:19 of 1st period - Ryan Donato wins face-off versus Lucas Wallmarkk in Phantoms zone.
16:20 of 1st period - Wrist shot by Eric Karlsson.
16:20 of 1st period - Goal by Eric Karlsson - Phantoms : 2 - Heat : 1.
16:21 of 1st period - Nico Sturm wins face-off versus Sven Andrighetto in neutral zone.
16:34 of 1st period - Backhand shot by Morgan Klimchuk.
16:34 of 1st period - Shot Misses the Net.
16:36 of 1st period - Wrist shot by Morgan Klimchuk.
16:36 of 1st period - Deflect By Erik Brannstrom.
16:36 of 1st period - Stopped by Vitek Vanecek with a rebound.
16:46 of 1st period - Erik Nystrom is hit by Ryan Spooner and loses puck.
17:35 of 1st period - Backhand shot by Nico Sturm.
17:35 of 1st period - Goal by Nico Sturm - Phantoms : 2 - Heat : 2.
17:36 of 1st period - Joe Snively wins face-off versus Peter Cehlarik in neutral zone.
17:39 of 1st period - Slapshot by Rinat Valiev.
17:39 of 1st period - Stopped by Vitek Vanecek with a rebound.
17:53 of 1st period - Slapshot by Rasmus Andersson.
17:53 of 1st period - Stopped by Anton Forsberg without a rebound.
17:54 of 1st period - Jesper Bratt wins face-off versus Cristoval Nieves in Phantoms zone.
18:24 of 1st period - Cal Foote is hit by Nico Sturm and loses puck.
18:47 of 1st period - Snap shot by Lucas Wallmarkk.
18:47 of 1st period - Stopped by Vitek Vanecek without a rebound.
18:48 of 1st period - Joe Snively wins face-off versus Peter Cehlarik in Heat zone.
18:53 of 1st period - Snap shot by Morgan Klimchuk.
18:53 of 1st period - Shot Misses the Net.
18:55 of 1st period - Backhand shot by Matt Kiersted.
18:55 of 1st period - Shot Blocked by Dominik Masin.
18:57 of 1st period - Slapshot by Matt Kiersted.
18:57 of 1st period - Deflect By Evgeny Svechnikov.
18:57 of 1st period - Stopped by Vitek Vanecek without a rebound.
18:58 of 1st period - Nico Sturm wins face-off versus Joe Snively in Heat zone.
19:20 of 1st period - Joe Snively is hit by Evgeny Svechnikov and loses puck.
19:30 of 1st period - Nico Sturm is hit by Mikko Lehtonen and loses puck.
19:43 of 1st period - Snap shot by Morgan Klimchuk.
19:43 of 1st period - Shot Misses the Net.
19:45 of 1st period - Slapshot by Morgan Klimchuk.
19:45 of 1st period - Deflect By Joe Snively.
19:45 of 1st period - Goal by Joe Snively - Phantoms : 3 - Heat : 2.
19:46 of 1st period - Cristoval Nieves wins face-off versus Ryan Spooner in neutral zone.
19:50 of 1st period - Minor Penalty to Jesper Bratt for High sticking.
19:51 of 1st period - Nico Sturm wins face-off versus Joe Snively in Heat zone.
Goals for this period are 3 for Phantoms vs 2 for Heat.
Shots for this period are 12 for Phantoms vs 12 for Heat.
2nd period
0:01 of 2nd period - Joe Snively wins face-off versus Nico Sturm in neutral zone.
0:04 of 2nd period - Slapshot by Rinat Valiev.
0:04 of 2nd period - Goal by Rinat Valiev - Phantoms : 4 - Heat : 2.
0:04 of 2nd period - Michael Hutchinson enters game.
0:05 of 2nd period - Cristoval Nieves wins face-off versus Nico Sturm in neutral zone.
0:21 of 2nd period - Wrist shot by Cristoval Nieves.
0:21 of 2nd period - Shot Blocked by Peter Cehlarik.
0:31 of 2nd period - Joe Snively is hit by Barclay Goodrow and loses puck.
0:42 of 2nd period - Wrist shot by Jesper Bratt.
0:42 of 2nd period - Shot Misses the Net.
0:57 of 2nd period - Off-side.
0:58 of 2nd period - Nico Sturm wins face-off versus Rem Pitlick in neutral zone.
2:20 of 2nd period - Snap shot by Cristoval Nieves.
2:20 of 2nd period - Deflect By Vladislav Kamenev.
2:20 of 2nd period - Shot Misses the Net.
2:20 of 2nd period - Puck is out of play.
2:21 of 2nd period - Nico Sturm wins face-off versus Nick Sorensen in Heat zone.
2:21 of 2nd period - Nico Sturm is hit by Rinat Valiev.
2:43 of 2nd period - Minor Penalty to Lucas Wallmarkk for Interference.
2:44 of 2nd period - Sven Andrighetto wins face-off versus Ryan Spooner in Phantoms zone.
2:44 of 2nd period - Sven Andrighetto is hit by Erik Brannstrom.
2:50 of 2nd period - Slapshot by Cal Foote.
2:50 of 2nd period - Stopped by Michael Hutchinson without a rebound.
2:51 of 2nd period - Sven Andrighetto wins face-off versus Evgeny Svechnikov in Heat zone.
3:20 of 2nd period - Slapshot by Rasmus Andersson.
3:20 of 2nd period - Deflect By Taylor Raddysh.
3:20 of 2nd period - Shot Misses the Net.
3:20 of 2nd period - Puck is out of play.
3:21 of 2nd period - Ryan Spooner wins face-off versus Joe Snively in Phantoms zone.
3:28 of 2nd period - Snap shot by Evgeny Svechnikov.
3:28 of 2nd period - Stopped by Anton Forsberg with a rebound.
3:30 of 2nd period - Wrist shot by Evgeny Svechnikov.
3:30 of 2nd period - Stopped by Anton Forsberg without a rebound.
3:31 of 2nd period - Ryan Spooner wins face-off versus Morgan Klimchuk in Phantoms zone.
3:34 of 2nd period - Snap shot by Ryan Spooner.
3:34 of 2nd period - Shot Misses the Net.
3:44 of 2nd period - Mikko Lehtonen is hit by Frank Corrado.
3:56 of 2nd period - Sven Andrighetto is hit by Ryan Donato and loses puck.
4:01 of 2nd period - Wrist shot by Taylor Raddysh.
4:01 of 2nd period - Shot Blocked by Matt Kiersted.
4:03 of 2nd period - Snap shot by Taylor Raddysh.
4:03 of 2nd period - Deflect By Mikko Lehtonen.
4:03 of 2nd period - Shot Misses the Net.
4:03 of 2nd period - Puck is out of play.
4:04 of 2nd period - Ryan Donato wins face-off versus Sven Andrighetto in Phantoms zone.
4:07 of 2nd period - Wrist shot by Peter Cehlarik.
4:07 of 2nd period - Stopped by Anton Forsberg without a rebound.
4:08 of 2nd period - Ryan Donato wins face-off versus Sven Andrighetto in Phantoms zone.
4:43 of 2nd period - Penalty to Lucas Wallmarkk is over, Lucas Wallmarkk is back on ice.
4:47 of 2nd period - Matt Kiersted is hit by Ryan Spooner and loses puck.
6:10 of 2nd period - Icing by Nick Sorensen.
6:11 of 2nd period - David Kampf wins face-off versus Ryan Spooner in Phantoms zone.
6:11 of 2nd period - David Kampf is hit by Jesper Bratt.
6:18 of 2nd period - Minor Penalty to Barclay Goodrow for Hooking.
6:19 of 2nd period - Joe Snively wins face-off versus Eric Karlsson in Heat zone.
6:31 of 2nd period - Snap shot by Sven Andrighetto.
6:31 of 2nd period - Goal by Sven Andrighetto - Phantoms : 5 - Heat : 2.
6:32 of 2nd period - Joe Snively wins face-off versus Nico Sturm in neutral zone.
6:59 of 2nd period - Frank Corrado is hit by Cristoval Nieves and loses puck.
7:26 of 2nd period - Slapshot by Erik Brannstrom.
7:26 of 2nd period - Stopped by Anton Forsberg with a rebound.
7:28 of 2nd period - Slapshot by Dominik Masin.
7:28 of 2nd period - Stopped by Anton Forsberg with a rebound.
7:42 of 2nd period - Snap shot by David Kampf.
7:42 of 2nd period - Shot Misses the Net.
7:44 of 2nd period - Slapshot by Ty Smith.
7:44 of 2nd period - Stopped by Michael Hutchinson without a rebound.
7:45 of 2nd period - Joe Snively wins face-off versus Nico Sturm in Heat zone.
7:46 of 2nd period - Snap shot by Morgan Klimchuk.
7:46 of 2nd period - Stopped by Michael Hutchinson without a rebound.
7:47 of 2nd period - Nico Sturm wins face-off versus Joe Snively in Heat zone.
7:49 of 2nd period - Minor Penalty to Rasmus Andersson for Holding.
7:50 of 2nd period - Nico Sturm wins face-off versus Sven Andrighetto in Heat zone.
8:15 of 2nd period - Dominik Masin is hit by Erik Nystrom.
8:37 of 2nd period - Mikko Lehtonen is hit by Nico Sturm and loses puck.
8:48 of 2nd period - Frank Corrado is hit by Rem Pitlick and loses puck.
9:49 of 2nd period - Penalty to Rasmus Andersson is over, Rasmus Andersson is back on ice.
11:04 of 2nd period - Ryan Spooner is hit by Mikko Lehtonen and loses puck.
11:27 of 2nd period - Backhand shot by Peter Cehlarik.
11:27 of 2nd period - Stopped by Anton Forsberg with a rebound.
12:06 of 2nd period - Wrist shot by Evgeny Svechnikov.
12:06 of 2nd period - Shot Misses the Net.
12:26 of 2nd period - Wrist shot by Eric Karlsson.
12:26 of 2nd period - Stopped by Anton Forsberg with a rebound.
12:57 of 2nd period - Cristoval Nieves is hit by Brandon Hickey and loses puck.
13:18 of 2nd period - Slapshot by Lucas Wallmarkk.
13:18 of 2nd period - Deflect By A.J. Greer.
13:18 of 2nd period - Shot Misses the Net.
13:18 of 2nd period - Puck is out of play.
13:19 of 2nd period - Nico Sturm wins face-off versus Lucas Wallmarkk in Heat zone.
13:33 of 2nd period - Minor Penalty to Peter Cehlarik for Interference.
13:34 of 2nd period - Nico Sturm wins face-off versus Joe Snively in Heat zone.
14:05 of 2nd period - Ryan Spooner is hit by Cristoval Nieves and loses puck.
15:24 of 2nd period - Frank Corrado is hit by Morgan Klimchuk and loses puck.
15:33 of 2nd period - Penalty to Peter Cehlarik is over, Peter Cehlarik is back on ice.
15:45 of 2nd period - Mikko Lehtonen is hit by Erik Brannstrom and loses puck.
15:58 of 2nd period - Mikko Lehtonen is hit by Barclay Goodrow and loses puck.
16:09 of 2nd period - Brandon Hickey is hit by Mikko Lehtonen and loses puck.
16:24 of 2nd period - Minor Penalty to Matt Kiersted for Roughing.
16:25 of 2nd period - Sven Andrighetto wins face-off versus Jesper Bratt in Phantoms zone.
17:00 of 2nd period - Snap shot by Taylor Raddysh.
17:00 of 2nd period - Stopped by Anton Forsberg with a rebound.
17:42 of 2nd period - Taylor Raddysh is hit by Cristoval Nieves and loses puck.
18:24 of 2nd period - Penalty to Matt Kiersted is over, Matt Kiersted is back on ice.
19:00 of 2nd period - David Kampf is hit by Vladislav Kamenev and loses puck.
19:24 of 2nd period - Minor Penalty to Tage Thompson for Roughing.
19:25 of 2nd period - Nico Sturm wins face-off versus Joe Snively in Heat zone.
19:31 of 2nd period - Slapshot by Rasmus Andersson.
19:31 of 2nd period - Stopped by Anton Forsberg with a rebound.
19:37 of 2nd period - Barclay Goodrow is hit by Rinat Valiev and loses puck.
Goals for this period are 2 for Phantoms vs 0 for Heat.
Shots for this period are 5 for Phantoms vs 9 for Heat.
3rd period
0:01 of 3rd period - Nico Sturm wins face-off versus Joe Snively in neutral zone.
0:06 of 3rd period - Snap shot by Barclay Goodrow.
0:06 of 3rd period - Stopped by Anton Forsberg with a rebound.
0:12 of 3rd period - Slapshot by Rinat Valiev.
0:12 of 3rd period - Deflect By Morgan Klimchuk.
0:12 of 3rd period - Shot Misses the Net.
0:12 of 3rd period - Puck is out of play.
0:13 of 3rd period - Nico Sturm wins face-off versus Joe Snively in Heat zone.
0:13 of 3rd period - Nico Sturm is hit by Cal Foote.
0:22 of 3rd period - Off-side.
0:23 of 3rd period - Joe Snively wins face-off versus Nico Sturm in neutral zone.
0:46 of 3rd period - Wrist shot by Morgan Klimchuk.
0:46 of 3rd period - Stopped by Michael Hutchinson with a rebound.
0:50 of 3rd period - Backhand shot by Morgan Klimchuk.
0:50 of 3rd period - Shot Misses the Net.
0:52 of 3rd period - Snap shot by Sven Andrighetto.
0:52 of 3rd period - Goal by Sven Andrighetto - Phantoms : 6 - Heat : 2.
0:53 of 3rd period - Nico Sturm wins face-off versus Joe Snively in neutral zone.
1:06 of 3rd period - Wrist shot by Peter Cehlarik.
1:06 of 3rd period - Stopped by Anton Forsberg with a rebound.
1:08 of 3rd period - Slapshot by Frank Corrado.
1:08 of 3rd period - Deflect By Joe Snively.
1:08 of 3rd period - Stopped by Anton Forsberg with a rebound.
1:10 of 3rd period - Slapshot by Frank Corrado.
1:10 of 3rd period - Shot Misses the Net.
1:33 of 3rd period - Slapshot by Rasmus Andersson.
1:33 of 3rd period - Shot Misses the Net.
1:58 of 3rd period - Minor Penalty to Vitali Kravtsov for Holding.
1:59 of 3rd period - Cristoval Nieves wins face-off versus Nico Sturm in Heat zone.
2:00 of 3rd period - Wrist shot by Rem Pitlick.
2:00 of 3rd period - Shot Misses the Net.
2:02 of 3rd period - Slapshot by Cristoval Nieves.
2:02 of 3rd period - Deflect By Barclay Goodrow.
2:02 of 3rd period - Shot Misses the Net.
2:02 of 3rd period - Puck is out of play.
2:03 of 3rd period - Nico Sturm wins face-off versus Cristoval Nieves in Heat zone.
2:10 of 3rd period - Slapshot by Barclay Goodrow.
2:10 of 3rd period - Shot Misses the Net.
2:48 of 3rd period - Snap shot by Rem Pitlick.
2:48 of 3rd period - Goal by Rem Pitlick - Phantoms : 7 - Heat : 2.
2:49 of 3rd period - Joe Snively wins face-off versus Nico Sturm in neutral zone.
2:52 of 3rd period - Wrist shot by Morgan Klimchuk.
2:52 of 3rd period - Shot Misses the Net.
3:16 of 3rd period - Rinat Valiev is hit by Frank Corrado and loses puck.
3:29 of 3rd period - Wrist shot by Tage Thompson.
3:29 of 3rd period - Shot Misses the Net.
4:15 of 3rd period - Minor Penalty to Erik Nystrom for Hooking.
4:16 of 3rd period - Ryan Spooner wins face-off versus Sven Andrighetto in Phantoms zone.
4:19 of 3rd period - Slapshot by Rasmus Andersson.
4:19 of 3rd period - Stopped by Anton Forsberg with a rebound.
4:21 of 3rd period - Slapshot by Erik Brannstrom.
4:21 of 3rd period - Stopped by Anton Forsberg without a rebound.
4:22 of 3rd period - Sven Andrighetto wins face-off versus Ryan Spooner in Phantoms zone.
4:22 of 3rd period - Sven Andrighetto is hit by Jesper Bratt.
4:34 of 3rd period - Minor Penalty to Jesper Bratt for Cross-checking.
4:35 of 3rd period - Sven Andrighetto wins face-off versus Nico Sturm in Heat zone.
4:47 of 3rd period - Icing by Cal Foote.
4:48 of 3rd period - Nico Sturm wins face-off versus Sven Andrighetto in Phantoms zone.
4:53 of 3rd period - Slapshot by Rasmus Andersson.
4:53 of 3rd period - Stopped by Anton Forsberg without a rebound.
4:54 of 3rd period - Sven Andrighetto wins face-off versus Nico Sturm in Phantoms zone.
5:05 of 3rd period - Slapshot by Rasmus Andersson.
5:05 of 3rd period - Shot Misses the Net.
5:29 of 3rd period - Slapshot by Erik Brannstrom.
5:29 of 3rd period - Shot Misses the Net.
5:31 of 3rd period - Slapshot by Erik Brannstrom.
5:31 of 3rd period - Goal by Erik Brannstrom - Phantoms : 7 - Heat : 3.
5:32 of 3rd period - Sven Andrighetto wins face-off versus Nico Sturm in neutral zone.
5:34 of 3rd period - Off-side.
5:35 of 3rd period - Sven Andrighetto wins face-off versus Evgeny Svechnikov in neutral zone.
5:38 of 3rd period - Wrist shot by Morgan Klimchuk.
5:38 of 3rd period - Stopped by Michael Hutchinson without a rebound.
5:39 of 3rd period - Sven Andrighetto wins face-off versus Nico Sturm in Heat zone.
5:49 of 3rd period - Minor Penalty to Nico Sturm for Cross-checking.
5:50 of 3rd period - Ryan Donato wins face-off versus Sven Andrighetto in Heat zone.
5:50 of 3rd period - Ryan Donato is hit by Cal Foote.
6:15 of 3rd period - Penalty to Erik Nystrom is over, Erik Nystrom is back on ice.
6:34 of 3rd period - Penalty to Jesper Bratt is over, Jesper Bratt is back on ice.
7:01 of 3rd period - Christian Jaros is hit by Rem Pitlick and loses puck.
7:49 of 3rd period - Penalty to Nico Sturm is over, Nico Sturm is back on ice.
7:54 of 3rd period - Snap shot by Nico Sturm.
7:54 of 3rd period - Shot Blocked by Rinat Valiev.
8:05 of 3rd period - Icing by Lucas Wallmarkk.
8:06 of 3rd period - Lucas Wallmarkk wins face-off versus Nico Sturm in Phantoms zone.
8:17 of 3rd period - Snap shot by Nick Sorensen.
8:17 of 3rd period - Stopped by Michael Hutchinson with a rebound.
8:38 of 3rd period - Ty Smith is hit by Erik Brannstrom and loses puck.
8:48 of 3rd period - Off-side.
8:49 of 3rd period - Cristoval Nieves wins face-off versus Ryan Spooner in neutral zone.
10:04 of 3rd period - Snap shot by Cristoval Nieves.
10:04 of 3rd period - Shot Blocked by Vitali Kravtsov.
10:23 of 3rd period - Snap shot by Ryan Spooner.
10:23 of 3rd period - Deflect By Morgan Klimchuk.
10:23 of 3rd period - Stopped by Anton Forsberg with a rebound.
10:25 of 3rd period - Wrist shot by Barclay Goodrow.
10:25 of 3rd period - Shot Misses the Net.
10:27 of 3rd period - Snap shot by Barclay Goodrow.
10:27 of 3rd period - Shot Misses the Net.
10:29 of 3rd period - Snap shot by Frank Corrado.
10:29 of 3rd period - Shot Blocked by Rinat Valiev.
10:47 of 3rd period - Snap shot by Erik Brannstrom.
10:47 of 3rd period - Deflect By Evgeny Svechnikov.
10:47 of 3rd period - Shot Misses the Net.
10:47 of 3rd period - Puck is out of play.
10:48 of 3rd period - Ryan Spooner wins face-off versus Cristoval Nieves in Phantoms zone.
10:55 of 3rd period - Snap shot by Ryan Spooner.
10:55 of 3rd period - Shot Misses the Net.
11:18 of 3rd period - Minor Penalty to Matt Kiersted for Boarding.
11:19 of 3rd period - Ryan Spooner wins face-off versus Sven Andrighetto in Phantoms zone.
11:22 of 3rd period - Wrist shot by Rasmus Andersson.
11:22 of 3rd period - Stopped by Anton Forsberg without a rebound.
11:23 of 3rd period - Ryan Spooner wins face-off versus Sven Andrighetto in Phantoms zone.
11:38 of 3rd period - Wrist shot by Evgeny Svechnikov.
11:38 of 3rd period - Stopped by Anton Forsberg without a rebound.
11:39 of 3rd period - Ryan Spooner wins face-off versus Sven Andrighetto in Phantoms zone.
11:48 of 3rd period - Wrist shot by Evgeny Svechnikov.
11:48 of 3rd period - Shot Misses the Net.
11:55 of 3rd period - Icing by Rasmus Andersson.
11:56 of 3rd period - Ryan Spooner wins face-off versus Sven Andrighetto in Heat zone.
12:53 of 3rd period - Snap shot by Evgeny Svechnikov.
12:53 of 3rd period - Shot Misses the Net.
12:57 of 3rd period - Slapshot by Erik Brannstrom.
12:57 of 3rd period - Goal by Erik Brannstrom - Phantoms : 7 - Heat : 4.
12:58 of 3rd period - Cristoval Nieves wins face-off versus Ryan Donato in neutral zone.
13:33 of 3rd period - Wrist shot by Rem Pitlick.
13:33 of 3rd period - Stopped by Michael Hutchinson without a rebound.
13:34 of 3rd period - Evgeny Svechnikov wins face-off versus Joe Snively in Heat zone.
14:12 of 3rd period - Minor Penalty to Dominik Masin for Tripping.
14:13 of 3rd period - Nico Sturm wins face-off versus Rem Pitlick in Heat zone.
14:42 of 3rd period - Icing by Joe Snively.
14:43 of 3rd period - Ryan Spooner wins face-off versus Sven Andrighetto in Phantoms zone.
14:50 of 3rd period - Snap shot by Sven Andrighetto.
14:50 of 3rd period - Shot Misses the Net.
14:52 of 3rd period - Wrist shot by Sven Andrighetto.
14:52 of 3rd period - Stopped by Michael Hutchinson with a rebound.
15:08 of 3rd period - Snap shot by Cristoval Nieves.
15:08 of 3rd period - Shot Blocked by Christian Jaros.
15:10 of 3rd period - Snap shot by Erik Nystrom.
15:10 of 3rd period - Stopped by Michael Hutchinson without a rebound.
15:11 of 3rd period - Cristoval Nieves wins face-off versus Nico Sturm in Heat zone.
15:20 of 3rd period - Snap shot by Rem Pitlick.
15:20 of 3rd period - Shot Misses the Net.
15:22 of 3rd period - Slapshot by Mikko Lehtonen.
15:22 of 3rd period - Shot Blocked by Rasmus Andersson.
15:24 of 3rd period - Wrist shot by Erik Nystrom.
15:24 of 3rd period - Stopped by Michael Hutchinson with a rebound.
15:26 of 3rd period - Snap shot by Mikko Lehtonen.
15:26 of 3rd period - Shot Misses the Net.
16:12 of 3rd period - Penalty to Dominik Masin is over, Dominik Masin is back on ice.
16:28 of 3rd period - Snap shot by Tage Thompson.
16:28 of 3rd period - Shot Blocked by Lucas Wallmarkk.
16:37 of 3rd period - Cal Foote is hit by Erik Brannstrom and loses puck.
16:46 of 3rd period - Slapshot by Rinat Valiev.
16:46 of 3rd period - Deflect By Erik Brannstrom.
16:46 of 3rd period - Stopped by Michael Hutchinson with a rebound.
16:48 of 3rd period - Snap shot by Oliver Wahlstrom.
16:48 of 3rd period - Stopped by Michael Hutchinson without a rebound.
16:49 of 3rd period - Nico Sturm wins face-off versus Joe Snively in Heat zone.
17:13 of 3rd period - Jesper Bratt is hit by Erik Nystrom and loses puck.
17:18 of 3rd period - Snap shot by Rem Pitlick.
17:18 of 3rd period - Goal by Rem Pitlick - Phantoms : 8 - Heat : 4.
17:19 of 3rd period - Joe Snively wins face-off versus Nico Sturm in neutral zone.
18:06 of 3rd period - Minor Penalty to Mikko Lehtonen for Holding.
18:07 of 3rd period - Ryan Spooner wins face-off versus Sven Andrighetto in Phantoms zone.
18:40 of 3rd period - Slapshot by Erik Brannstrom.
18:40 of 3rd period - Stopped by Anton Forsberg with a rebound.
18:42 of 3rd period - Slapshot by Peter Cehlarik.
18:42 of 3rd period - Shot Misses the Net.
18:44 of 3rd period - Snap shot by Taylor Raddysh.
18:44 of 3rd period - Shot Misses the Net.
18:46 of 3rd period - Snap shot by Ryan Donato.
18:46 of 3rd period - Stopped by Anton Forsberg with a rebound.
18:48 of 3rd period - Wrist shot by Taylor Raddysh.
18:48 of 3rd period - Goal by Taylor Raddysh - Phantoms : 8 - Heat : 5.
18:49 of 3rd period - Joe Snively wins face-off versus Nico Sturm in neutral zone.
19:42 of 3rd period - Cal Foote is hit by Eric Karlsson and loses puck.
Goals for this period are 3 for Phantoms vs 3 for Heat.
Shots for this period are 12 for Phantoms vs 14 for Heat.